 Dungeon Crawl Stone Soup version 0.19.0-2-gae57169 (webtiles) character file.

6761 Charmandara the Cleaver (level 11, -9/103 HPs)
             Began as a Naga Chaos Knight on Nov 6, 2016.
             Mangled by a fire crab (12 damage)
             ... on level 9 of the Dungeon on Nov 7, 2016.
             The game lasted 00:37:06 (12179 turns).

Charmandara the Cleaver (Naga Chaos Knight)        Turns: 12179, Time: 00:37:07

Health: -9/103     AC: 10    Str: 18      XL:     11   Next: 4%
Magic:  11/11      EV:  8    Int: 12 (13) God:    Xom [...*..]
Gold:   523        SH:  0    Dex: 14      Spells: 0 memorised, 10 levels left

rFire  . . .     SeeInvis +     a - +1 hand axe (chaos)
rCold  . . .     Gourm    +     y - +4 ring mail of Imavoof {MR- Int+3 Dex+3}
rNeg   + . .     Faith    .     (no shield)
rPois  +         Spirit   .     (no helmet)
rElec  .         Reflect  .     (no cloak)
rCorr  .         Harm     .     (no gloves)
MR     .....     Rnd*Tele +     (no barding)
Stlth  ++++......               J - amulet of the gourmand {Gourm, !d}
                                (no ring)
                                F - ring of positive energy {rN+}

@: very slow
A: fangs 1, see invisible, deformed body, deterioration 1, dopey 1, poison
resistance, slowness 2, slow metabolism 1, spit poison 1, teleportitis 1, AC +3
a: Spit Poison, Renounce Religion


You were on level 9 of the Dungeon.
You worshipped Xom.
You were a favourite toy of Xom.
You were completely stuffed.

You visited 1 branch of the dungeon, and saw 9 of its levels.
You also visited: Ossuary.

You collected 523 gold pieces.

Inventory:

Hand Weapons
 a - a +1 hand axe of chaos (weapon)
 e - a +0 trident of venom
   (You took it off a gnoll sergeant on level 9 of the Dungeon)
 f - a +2 dagger of protection
   (You took it off an orc wizard on level 8 of the Dungeon)
 h - a +1 hand axe of holy wrath
   (You took it off an orc on level 5 of the Dungeon)
 n - a +0 vampiric dagger {!w}
   (You took it off a goblin on level 2 of the Dungeon)
 u - a +0 falchion of flaming
   (You took it off a big kobold on level 9 of the Dungeon)
Missiles
 i - 275 stones (quivered)
 j - 33 bolts
 q - 112 sling bullets
 t - 208 arrows
 H - 8 tomahawks
Armour
 y - the +4 ring mail of Imavoof (worn) {MR- Int+3 Dex+3}
   (You found it on level 4 of the Dungeon)

   It affects your intelligence (+3).
   It affects your dexterity (+3).
   It affects your resistance to hostile enchantments.
 K - the +4 chain mail of the Evening {rPois Str+2}
   (You found it on level 9 of the Dungeon)

   It affects your strength (+2).
   It protects you from poison.
 L - a +0 shield
   (You found it on level 9 of the Dungeon)
Jewellery
 b - an uncursed ring of fire {rF+, rC-}
   (You found it on level 4 of the Dungeon)
 B - a +4 ring of slaying {unknown}
   (You found it on level 9 of the Dungeon)
 F - a ring of positive energy (left hand) {rN+}
   (You found it on level 5 of the Dungeon)
 J - an amulet of the gourmand (around neck) {Gourm, !d}
   (You found it on level 5 of the Dungeon)
Wands
 E - a wand of flame (0/48)
   (You found it on level 5 of the Dungeon)
 G - a wand of flame (15/48)
   (You found it in an ossuary)
 N - a wand of confusion (24/48)
   (You found it in an ossuary)
 P - a wand of digging (9/24)
   (You found it on level 8 of the Dungeon)
Scrolls
 g - 2 scrolls of enchant armour
 w - a scroll of fog
 x - 2 scrolls of amnesia
 z - 3 scrolls of remove curse
 I - 2 scrolls of magic mapping {!r}
Potions
 l - a potion of curing
 o - a potion of beneficial mutation {unknown}
 C - 3 potions of flight
Books
 d - a book of the Tempests
   (Xom gifted it to you on level 5 of the Dungeon)
Comestibles
 c - 5 bread rations {@e1}
 k - 5 meat rations {@e2}
 r - 16 fruits
 v - a royal jelly
 A - 6 slices of pizza


   Skills:
 + Level 8.1 Fighting
 * Level 13.1 Axes
 - Level 1.5 Armour
 - Level 0.7 Dodging
 + Level 9.9 Stealth


You had 10 spell levels left.
You didn't know any spells.

Dungeon Overview and Level Annotations

Branches:
Dungeon (9/15)             Temple (0/1) D:6
   Lair: D:8-11         Orc: D:9-12

Altars:
Ashenzari
Cheibriados
Dithmenos
Fedhas
Hepliaklqana
Kikubaaqudgha
Nemelex Xobeh
Okawaru
Qazlal
Ru
Trog
Vehumet
Xom
Yredelemnul
The Shining One

Shops:
D:4 :   D:6 %

Annotations:
D:9 1 runed door


Innate Abilities, Weirdness & Mutations

You cannot wear boots.
Your serpentine skin is tough. (AC +3)
You have supernaturally acute eyesight. (SInv)
Armour fits poorly on your strangely shaped body.
Your system is resistant to poisons. (rPois)
You cover ground very slowly.
You have a slow metabolism.
You can spit poison.
You have very sharp teeth.
Your body sometimes deteriorates upon taking damage.
You are dopey. (Int -2)
You are occasionally teleported next to monsters.


Message History

You slash the ogre!
You kill the ogre!
Things that are here:
a giant club; an ogre corpse You butcher the ogre corpse.
m - a chunk of flesh {@w0} You see here a giant club.
Eating a chunk of flesh {@w0}.
You start eating the chunk of flesh {@w0}.
This raw flesh tastes great.
Things that are here:
a spear; a gnoll skeleton You see here a ring mail.
Items here: ) [ รทรท a dagger; a robe; an orc skeleton x2
You regained 4 hp, and now have 77/103 hp.
Unknown command.
Things that are here:
an enchanted short sword; a leather armour; an orc skeleton A hippogriff comes into view.
You regained 10 hp, and now have 88/103 hp.
A hippogriff is nearby!
You are now a favourite toy of Xom.
Aim: a hippogriff (hasn't noticed you)
The splash of poison hits the hippogriff.
The hippogriff is poisoned.
The hippogriff screeches!
You feel slightly less full.
Unknown command.
You barely miss the hippogriff.
You have got your breath back.
You hit the hippogriff.
Space bends around the hippogriff.
The hippogriff bites you. The hippogriff pecks you.
The hippogriff claws you but does no damage.
You take 7 damage, and have 83/103 hp.
You hit the hippogriff. You burn the hippogriff. You bite the hippogriff.
The hippogriff closely misses you. The hippogriff pecks you.
The hippogriff claws you.
You take 5 damage, and have 78/103 hp.
You hit the hippogriff.
The hippogriff evaporates and reforms as a fire crab!
You bite the fire crab, but do no damage.
You hit the fire crab. The fire crab breathes flames at you.
The blast of flame engulfs you!
Unknown command.
Okay, then.
Okay, then.
Okay, then.
Okay, then.
You are engulfed in roaring flames.
Your body deteriorates!
You feel dopey.
Xom momentarily opens a gate.
The fire crab breathes flames at you. The blast of flame engulfs you!
You take 23 damage, and have 55/103 hp.
MASSIVE DAMAGE!!
Unknown command.
Okay, then.
You are engulfed in roaring flames.
* * * LOW HITPOINT WARNING * * *
A shower of butterflies erupts from you!
Your shadow imp is engulfed in roaring flames.
Your white imp is engulfed in roaring flames.
Your white imp dies!
Your iron imp hits the fire crab.
You take 27 damage, and have 28/103 hp.
MASSIVE DAMAGE!!
You barely miss the fire crab.
You are engulfed in roaring flames.
* * * LOW HITPOINT WARNING * * *
The fire crab bites you but does no damage.
The fire crab barely misses you.
Your shadow imp is engulfed in roaring flames.
Your shadow imp dies!
You take 4 damage, and have 24/103 hp.
Unknown command.
Okay, then.
Aim: a fire crab (lightly wounded, chance to defeat MR: 28%)
The fire crab easily resists.
Evoking this partially-identified wand wasted a few charges.
Your butterfly is engulfed in roaring flames.
Your butterfly dies!
The fire crab bites you!
* * * LOW HITPOINT WARNING * * *
You are engulfed in flames!
* * * LOW HITPOINT WARNING * * *
The fire crab claws you but does no damage.
Your iron imp hits the fire crab.
Your iron imp hits the fire crab but does no damage.
You take 22 damage, and have 2/103 hp.
MASSIVE DAMAGE!!
Unknown command.
Unknown command.
Aim: a fire crab (lightly wounded, chance to defeat MR: 28%)
The fire crab easily resists.
Evoking this partially-identified wand wasted a few charges.
The fire crab bites you!
You die...
Xom bursts into laughter!

#..............).#
##......###....[###
##...##### ###..)#
###...## #.)##
###....## ##..#
#...... #..##
.......### #..#
....b....########..#
####..b@5.........##
#.....t..........#
.......5...###....#
#........(## ###..#
##........# ##..##
##.......# ##..#.##
###.....# ##..###.#
##.#.####.### ###
##.## #.##


You could see a fire crab and 2 friendly iron imps.

Vanquished Creatures
  A hornet (D:6)
  2 dream sheep (D:9)
  5 wraiths
  A wyvern (D:9)
  2 yaks (D:9)
  Sigmund (D:5)
  A hungry ghost (D:7)
  A water moccasin (D:7)
  2 orc warriors (D:8)
  2 sky beasts
  2 black bears
  3 necrophages (D:7)
  9 ogres
  2 phantoms
  3 centaurs
  A big kobold (D:9)
  An elf zombie (D:7)
  Blork the orc (D:6)
  6 bullfrogs
  A gnoll sergeant (D:9)
  5 scorpions
  2 wights (Ossuary)
  4 killer bees (D:9)
  2 electric eels (D:8)
  4 howler monkeys
  5 crimson imps
  A bullfrog zombie (D:7)
  4 human zombies (D:7)
  2 quasits
  6 orc priests
  3 jellies
  A centaur skeleton (D:5)
  3 iguanas
  4 orc wizards
  4 worker ants
  A hound zombie (D:5)
  2 hound skeletons (D:8)
  2 worker ant zombies
  4 gnolls (D:9)
  9 adders
  A shadow imp (D:7)
  A worm (D:2)
  12 dart slugs
  3 leopard geckos
  33 orcs
  5 bats
  4 giant cockroaches
  8 goblins
  11 hobgoblins
  3 jackals (D:8)
  4 quokkas
  2 ball python skeletons (Ossuary)
  3 frilled lizards
  2 hobgoblin skeletons (Ossuary)
  3 hobgoblin zombies (Ossuary)
  2 kobolds
  3 orc skeletons (Ossuary)
  7 rats
222 creatures vanquished.

Vanquished Creatures (collateral kills)
  A big kobold (D:9)
  A hell rat (D:9)
2 creatures vanquished.

Vanquished Creatures (others)
  An ogre (D:8)
  A hound (D:8)
  An orc wizard (D:8)
3 creatures vanquished.

Grand Total: 227 creatures vanquished

Notes
Turn   | Place    | Note
-------+----------+-------------------------------------------
     0 | D:1      | Charmandara the Naga Chaos Knight began the quest for the Orb.
     0 | D:1      | Reached XP level 1. HP: 21/21 MP: 1/1
    86 | D:1      | XOM: harmless Pois miscast
   303 | D:1      | XOM: harmless Chrm miscast
   313 | D:1      | Reached XP level 2. HP: 22/28 MP: 2/2
   624 | D:2      | Reached skill level 4 in Axes
   624 | D:2      | Reached XP level 3. HP: 30/34 MP: 3/3
   760 | D:2      | Found a blossoming altar of Fedhas.
   765 | D:2      | Found a faded altar of an unknown god.
   805 | D:2      | XOM: silly message
   981 | D:2      | Found a shadowy altar of Dithmenos.
  1364 | D:2      | XOM: divination: detect items
  1378 | D:2      | XOM: mild Fire miscast
  1418 | D:3      | XOM: silly message
  1648 | D:3      | Reached XP level 4. HP: 42/42 MP: 4/4
  1658 | D:3      | XOM: divination: detect creatures
  1866 | D:3      | Reached skill level 5 in Axes
  1899 | D:3      | XOM is BORED!
  1899 | D:3      | XOM: silly message
  2190 | D:4      | Reached XP level 5. HP: 45/49 MP: 5/5
  2246 | D:4      | Found Ositwini's Book Shop.
  2254 | D:4      | XOM: mild Tmut miscast
  2283 | D:4      | Got a heavily runed ring mail
  2298 | D:4      | Identified the +4 ring mail of Imavoof {MR- Int+3 Dex+3} (You found it on level 4 of the Dungeon)
  2356 | D:4      | Reached skill level 6 in Axes
  2359 | D:4      | HP: 11/49 [orc priest/nerve-wracking pain (13)]
  2695 | D:4      | XOM: cloud trail
  2879 | D:4      | Found a sacrificial altar of Ru.
  2958 | D:4      | Reached XP level 6. HP: 53/56 MP: 6/6
  3153 | D:4      | XOM: confuse monster(s)
  3166 | D:4      | Reached skill level 7 in Axes
  3451 | D:5      | Entered Level 5 of the Dungeon
  3485 | D:5      | Noticed a black bear
  3492 | D:5      | XOM: smoke on damage
  3493 | D:5      | Killed a black bear
  3493 | D:5      | Reached XP level 7. HP: 61/62 MP: 7/7
  3579 | D:5      | Noticed Sigmund
  3579 | D:5      | XOM: confuse monster(s)
  3584 | D:5      | Reached skill level 8 in Axes
  3592 | D:5      | XOM: confuse monster(s)
  3599 | D:5      | XOM: confuse monster(s)
  3600 | D:5      | Killed Sigmund
  3609 | D:5      | XOM: cast spell 'Cause Fear'
  3636 | D:5      | Reached skill level 9 in Axes
  3679 | D:5      | XOM: god gift: book of the Tempests
  3736 | D:5      | XOM: 3-stop teleportation journey
  3754 | D:5      | Reached XP level 8. HP: 42/69 MP: 8/8
  4154 | D:5      | XOM: silly message
  4339 | D:5      | Reached skill level 4 in Fighting
  4377 | D:5      | XOM: give mutation
  4377 | D:5      | Gained mutation: You have very sharp teeth. [Xom's grace]
  4666 | D:5      | XOM: mild Air miscast
  4675 | D:6      | Found Luupab's Food Shop.
  4675 | D:6      | XOM: stealth player
  4712 | D:6      | Reached skill level 10 in Axes
  4846 | D:6      | XOM: summons friendly shadow imp
  4854 | D:6      | Reached skill level 1 in Stealth
  4864 | D:6      | Found a sand-covered staircase.
  4873 | Ossuary  | Entered an ossuary
  5021 | Ossuary  | Noticed a wraith
  5021 | Ossuary  | Noticed a flying skull
  5032 | Ossuary  | Noticed a flying skull
  5052 | Ossuary  | Noticed a flying skull
  5059 | Ossuary  | Noticed a wraith
  5070 | Ossuary  | Killed a wraith
  5070 | Ossuary  | Reached skill level 2 in Stealth
  5136 | Ossuary  | Noticed a flying skull
  5198 | Ossuary  | XOM: noise
  5200 | Ossuary  | Reached skill level 3 in Stealth
  5215 | Ossuary  | Noticed a wraith
  5216 | Ossuary  | XOM: cleaving
  5225 | Ossuary  | Killed a wraith
  5225 | Ossuary  | Reached skill level 5 in Fighting
  5225 | Ossuary  | Reached XP level 9. HP: 44/81 MP: 9/9
  5397 | D:6      | XOM: medium Air miscast
  5400 | D:6      | Noticed a hornet
  5409 | D:6      | Paralysed by a hornet for 2 turns
  5414 | D:6      | Killed a hornet
  5414 | D:6      | Reached skill level 4 in Stealth
  5946 | D:6      | Found a staircase to the Ecumenical Temple.
  5978 | D:6      | Noticed Blork the orc
  5982 | D:6      | Killed Blork the orc
  6015 | D:6      | Reached skill level 5 in Stealth
  6017 | D:6      | Reached skill level 11 in Axes
  6074 | D:6      | XOM: harmless Tloc miscast
  6116 | D:6      | Found a stormy altar of Qazlal.
  6161 | D:6      | Found a faded altar of an unknown god.
  6161 | D:6      | Found a radiant altar of Vehumet.
  6166 | D:6      | Found a faded altar of an unknown god.
  6168 | D:6      | Found an iron altar of Okawaru.
  6169 | D:6      | Found a faded altar of an unknown god.
  6176 | D:6      | XOM: summons 4 hostile demons
  6228 | D:6      | XOM: enchant monster (bad)
  6237 | D:6      | XOM: smoke on damage
  6291 | D:6      | XOM: stat loss: -1 Int (14/15)
  6699 | D:7      | XOM: summons 4 hostile shadow creatures
  6959 | D:7      | XOM: harmless Fire miscast
  7099 | D:7      | Reached skill level 6 in Stealth
  7136 | D:7      | Reached skill level 6 in Fighting
  7275 | D:7      | XOM: confusion
  7430 | D:7      | XOM: give mutations
  7430 | D:7      | Gained mutation: You are occasionally teleported next to monsters. [Xom's mischief]
  7430 | D:7      | Gained mutation: Your body sometimes deteriorates upon taking damage. [Xom's mischief]
  7430 | D:7      | Gained mutation: You are dopey. (Int -2) [Xom's mischief]
  7470 | D:7      | XOM: torment (29/82 hp)
  7486 | D:7      | XOM: enchant monster (bad)
  7487 | D:7      | XOM: harmless Chrm miscast
  7586 | D:7      | XOM: swap monsters
  7596 | D:7      | Reached skill level 7 in Stealth
  7620 | D:7      | Reached XP level 10. HP: 41/92 MP: 10/10
  7807 | D:7      | XOM: summons friendly white imp
  8064 | D:7      | XOM: medium Tmut miscast
  8085 | D:7      | Reached skill level 12 in Axes
  8365 | D:7      | Reached skill level 8 in Stealth
  8506 | D:7      | Found a basalt altar of Yredelemnul.
  8655 | D:8      | Reached skill level 7 in Fighting
  8675 | D:8      | Found a sparkling altar of Nemelex Xobeh.
  8710 | D:8      | XOM: medium Fire miscast
  8717 | D:8      | XOM: mild Fire miscast
  8762 | D:8      | XOM: harmless Summ miscast
  8791 | D:8      | XOM: confusion
  8798 | D:8      | XOM: harmless Necr miscast
  8860 | D:8      | XOM: cloud trail
  9061 | D:8      | XOM: mild Summ miscast
  9134 | D:8      | Found a shattered altar of Ashenzari.
  9147 | D:8      | XOM: summons 5 hostile demons
  9150 | D:8      | XOM: smoke on damage
  9151 | D:8      | HP: 21/94 [ice devil[Xom] (12)]
  9151 | D:8      | HP: 8/94 [ice devil[Xom] (13)]
  9233 | D:8      | XOM: scenery: create altars
  9325 | D:8      | XOM: scenery: create altars
  9545 | D:8      | HP: 16/94 [acid (8)]
  9546 | D:8      | HP: 4/94 [acid (8)]
  9607 | D:8      | XOM: scenery: create altars
  9676 | D:8      | XOM: scenery: create altars
  9768 | D:7      | XOM: scenery: create altars
 10042 | D:8      | XOM: divination: magic mapping
 10132 | D:8      | XOM: divination: magic mapping
 10275 | D:9      | Found a hazy altar of Hepliaklqana.
 10277 | D:9      | Found a glowing golden altar of the Shining One.
 10279 | D:9      | Found an ancient bone altar of Kikubaaqudgha.
 10310 | D:9      | Found a shimmering altar of Xom.
 10310 | D:9      | Found a bloodstained altar of Trog.
 10310 | D:9      | Found a snail-covered altar of Cheibriados.
 10418 | D:9      | XOM: summons 10 friendly demons
 10421 | D:9      | Reached skill level 9 in Stealth
 10573 | D:9      | Got an ancient chain mail
 10580 | D:9      | XOM: summons friendly white imp
 10585 | D:9      | XOM: summons 10 friendly demons
 10593 | D:9      | XOM: polymorph jelly -> hell rat
 10763 | D:9      | XOM: 4-stop teleportation journey
 10947 | D:9      | Identified the +4 chain mail of the Evening {rPois Str+2} (You found it on level 9 of the Dungeon)
 10954 | D:9      | XOM: cloud trail
 10983 | D:9      | XOM: harmless Summ miscast
 11006 | D:9      | XOM: mild Necr miscast
 11006 | D:9      | HP: 19/96 [something (15)]
 11058 | D:9      | XOM: enchant monster (bad)
 11074 | D:9      | HP: 24/96 [bullfrog (5)]
 11079 | D:9      | HP: 20/96 [bullfrog (2)]
 11135 | D:9      | HP: 20/96 [troll (8)]
 11137 | D:9      | HP: 9/96 [troll (2)]
 11139 | D:9      | HP: 3/96 [troll (2)]
 11219 | D:8      | XOM: cast spell 'Statue Form'
 11561 | D:9      | Found a runed door.
 11561 | D:9      | Noticed a sixfirhy
 11622 | D:9      | XOM: potion effect (invisibility)
 11632 | D:9      | XOM: divination: detect items
 11651 | D:9      | Reached skill level 13 in Axes
 11655 | D:9      | Reached skill level 8 in Fighting
 11657 | D:9      | XOM: harmless Air miscast
 11665 | D:9      | Reached XP level 11. HP: 75/103 MP: 11/11
 11703 | D:9      | XOM: cloud trail
 11785 | D:9      | XOM: enchant monster (good)
 11794 | D:9      | XOM: smoke on damage
 11796 | D:9      | HP: 25/103 [orc wizard/puff of frost (12)]
 11874 | D:9      | XOM: harmless Erth miscast
 12173 | D:9      | Noticed a fire crab
 12173 | D:9      | a hippogriff changed into a fire crab
 12175 | D:9      | XOM: summons 4 friendly demons
 12176 | D:9      | XOM: butterfly on damage
 12177 | D:9      | HP: 24/103 [fire crab] (4)]
 12178 | D:9      | HP: 2/103 [fire crab (15)]
 12179 | D:9      | Mangled by a fire crab

Skill      XL: |  1  2  3  4  5  6  7  8  9 10 |
---------------+-------------------------------+-----
Axes           | 4 5 6 7 9 10 11 13 | 13.1
Fighting       | 5 6 8 |  8.1
Stealth        | 3 7 9 |  9.9
Armour         | |  1.5
Dodging        | |  0.7

Action                   |  1- 3 |  4- 6 |  7- 9 | 10-12 || total
-------------------------+-------+-------+-------+-------++-------
Melee: Hand axe          |    71 |    83 |   402 |   377 ||   933
       Bite              |       |       |    32 |    52 ||    84
Throw: Stone             |       |       |     3 |       ||     3
 Abil: Spit Poison       |    17 |    10 |    24 |    24 ||    75
Evoke: Wand              |       |       |    14 |    21 ||    35
  Use: Potion            |       |     1 |    11 |    13 ||    25
       Scroll            |       |     1 |     1 |    13 ||    15
 Stab: Sleeping          |     1 |       |     5 |     7 ||    13
       Paralysed         |       |       |     5 |     5 ||    10
       Confused          |       |       |     4 |     3 ||     7
       Distracted        |       |       |     1 |       ||     1
       Petrified         |       |       |       |    18 ||    18
       Invisible         |       |       |       |    10 ||    10
       Petrifying        |       |       |       |     5 ||     5
  Eat: Chunk             |     3 |     5 |     8 |    24 ||    40
       Bread ration      |       |       |     1 |       ||     1
       Pizza             |       |       |       |     2 ||     2
       Meat ration       |       |       |       |     1 ||     1
Armor: Leather armour    |    21 |    19 |       |       ||    40
       Ring mail         |       |    10 |   152 |   156 ||   318
       Skin              |       |       |    15 |     3 ||    18
Dodge: Dodged            |    34 |    36 |   148 |   119 ||   337

Vault maps used:
D:1:      ncdulo_wetmaze
D:2:      overflow_temple_1_default, ecumenical_altar_2,
          nicolae_dithmenos_shadow_blocks
D:3:      serial_park_tiny_2
D:4:      serial_shops, shop_statue, nicolae_ru_path_of_blood
D:5:      kennysheep_slugbush, first_bread, amethyst_killhole, uniq_sigmund
D:6:      kennysheep_little_box, chequers_temple_overflow_minitemple,
          serial_shops, shop, chequers_ossuary_entry_cave, uniq_blork_the_orc
D:7:      lemuel_mausoleum_altar_yredelemnul
D:8:      nemelex_altar_shiori, basic_altar
D:9:      cheibrodos_shockbox, grunt_temple_overflow_open, hangedman_ranch
Ossuary:  ossuary_due_cavern

Table legend:
 A = Turns spent in this place as a percentage of turns spent in the entire game.
 B = Non-inter-level travel turns spent in this place as a percentage of non-inter-level travel turns spent in the entire game.
 C = Inter-level travel turns spent in this place as a percentage of turns spent in this place.
 D = Turns resting spent in this place as a percentage of non-inter-level travel turns spent in this place.
 E = Turns spent auto-exploring this place as a percentage of non-inter-level travel turns spent in this place.
 F = Non-inter-level travel turns spent in this place divided by the number of levels of this place that you've seen.
                   A       B       C       D       E      F
               +-------+-------+-------+-------+-------+----------------------
         Total | 100.0 | 100.0 |   0.5 |   5.2 |   7.5 | 338.1
       Dungeon |  94.9 |  94.9 |   0.6 |   5.0 |   7.5 | 356.6
       Ossuary |   5.1 |   5.1 |   0.0 |   9.3 |   8.1 | 172.0
               +-------+-------+-------+-------+-------+----------------------

Table legend:
 A = Kills in this place as a percentage of kills in entire the game.
 B = Kills by you in this place as a percentage of kills by you in the entire game.
 C = Kills by friends in this place as a percentage of kills by friends in the entire game.
 D = Other kills in this place as a percentage of other kills in the entire game.
 E = Experience gained in this place as a percentage of experience gained in the entire game.
 F = Experience gained in this place divided by the number of levels of this place that you have seen.
                   A       B       C       D       E      F
               +-------+-------+-------+-------+-------+----------------------
         Total | 100.0 | 100.0 | 100.0 | 100.0 | 100.0 | 965.9
       Dungeon |  93.8 |  93.7 | 100.0 | 100.0 |  94.2 | 1011.3
       Ossuary |   6.2 |   6.3 |   0.0 |   0.0 |   5.8 | 557.0
               +-------+-------+-------+-------+-------+----------------------
